[Event "*** Biggest EVER Titled Tuesday"]
[Site "Chess.com"]
[Date "2018.04.17"]
[Round "6"]
[White "Fighterman91"]
[Black "KNVB"]
[Result "0-1"]
[WhiteElo "2586"]
[BlackElo "2594"]
[TimeControl "180+2"]
[EndTime "14:25:12 PDT"]
[Termination "KNVB won by resignation"]

1. e4 b6 2. d4 Bb7 3. Nc3 e6 4. a3 g6 5. h4 h6 6. Be3 Bg7 7. Qd2 Nf6 8. f3 d5 9. e5 Ng8 10. h5 g5 11. f4 gxf4 12. Bxf4 Ne7 13. Nf3 Qd7 14. Bb5 Nbc6 15. Ne2 a6 16. Bd3 O-O-O 17.
O-O-O Na5 18. b3 Kb8 19. g4 Nc4 20. Qc3 Nxa3 21. g5 hxg5 22. Bxg5 Bh6 23. Qb4 Nc4 24. Bxh6 Rxh6 25. Ng5 Ne3 26. Rdg1 N7f5 27. Qd2 Rdh8 28. Ng3 Nxg3 29. Rxg3 Nf5 30. Bxf5 exf5 31. Rgh3 a5 32. Qf4 a4 33. Kb2 axb3 34. cxb3 Qb5 35. R1h2 Bc8 36. Nxf7 Rxh5 37. Nxh8 Rxh3 38. Rxh3 Qe2+ 39.
Ka3 Qa6+ 40. Kb2 Qe2+ 41. Kb1 Qd1+ 42. Qc1 Qxd4 43. Nf7 f4 44. Rh8 Kb7 45. Rxc8 Kxc8 46. Nd6+ Kd7 47. Qxc7+ Ke6 48. Nb5 Qd1+ 49. Kb2 Qe2+ 50.
Kc3 Qxb5 51. Qd6+ Kf5 52. e6 f3 53. e7 f2 54. Qxd5+ Qxd5 55. e8=Q Qc5+ 56. Kb2 Kf4 57.
Qf7+ Ke3 58. Qe6+ Kd3 59. Qg6+ Kd2 60. Qh6+ Qe3 61. Qd6+ Ke1 62. Ka3 Qc5+ 63. b4 Qxd6 0-1

[Event "*** Biggest EVER Titled Tuesday"]
[Site "Chess.com"]
[Date "2018.04.17"]
[Round "6"]
[White "gmjlh"]
[Black "Blackmind96"]
[Result "1-0"]
[WhiteElo "2569"]
[BlackElo "2521"]
[TimeControl "180+2"]
[EndTime "14:25:12 PDT"]
[Termination "gmjlh won by resignation"]

1. d4 e6 2. Nf3 d5 3. c4 Nf6 4. g3 Bb4+ 5. Bd2 Bd6 6. Bg2 O-O 7.
O-O c6 8. Qc2 Ne4 9. Nc3 Nxd2 10. Nxd2 f5 11. e3 Nd7 12. a3 Rb8 13. b4 b5 14.
cxb5 cxb5 15. Nb3 Nf6 16. Ne2 g5 17. Rac1 h5 18. Na5 Qd7 19. Nc6 Rb6 20. Ne5 Qe8 21.
f4 g4 22. h4 gxh3 23. Bxh3 a5 24. Qb2 axb4 25. axb4 Rb7 26. Kh2 Rg7 27. Rc2 Ng4+ 28. Bxg4 hxg4 29. Kg2 Rh7 30. Rcc1 Rf6 31. Rh1 Rfh6 32.
Rxh6 Rxh6 33. Rh1 Rxh1 34. Kxh1 Qh5+ 35. Kg1 Qe8 36. Qc2 Bb7 37. Nd3 Kg7 38. Nc5 Bc8 39.
Qa2 Qc6 40. Qa7+ Qc7 41. Qa8 Bd7 42. Nc3 Bxc5 43. dxc5 d4 44. exd4 Bc6 45. Qa1 Kg6 46.
Qe1 Qd7 47. Qe5 Bf3 48. Kf2 Qa7 49. Qxe6+ Kg7 50. Qa2 Qe7 51. Qd2 Qa7 52. d5 Qa1 53. d6 Qh1 54. d7 Qg2+ 55. Ke3 Qg1+ 56. Kd3 Be4+ 57. Nxe4 Qb1+ 58. Kc3 Qa1+ 59. Qb2 Qe1+ 60. Kb3+ Kh6 61. Qf6+ Kh7 62. Ng5+ 1-0

[Event "*** Biggest EVER Titled Tuesday"]
[Site "Chess.com"]
[Date "2018.04.17"]
[Round "6"]
[White "Fins0905"]
[Black "Msb2"]
[Result "0-1"]
[WhiteElo "2516"]
[BlackElo "2706"]
[TimeControl "180+2"]
[EndTime "14:25:15 PDT"]
[Termination "Msb2 won by checkmate"]

1. d4 Nf6 2. c4 e6 3. Nf3 d5 4. Bg5 Bb4+ 5. Nc3 dxc4 6. e3 b5 7. a4 c6 8. Be2 O-O 9. O-O Bxc3 10. bxc3 Nbd7 11. Qb1 a6 12. Ne5 Qc7 13. Bf3 Nd5 14.
Nxd7 Bxd7 15. Qc1 h6 16. Bh4 c5 17. e4 Nf4 18. Bg3 e5 19. axb5 axb5 20. Rxa8 Rxa8 21. Bxf4 exf4 22. e5 Rd8 23. Qxf4 cxd4 24. Qxd4 Be6 25. Qe4 Bd5 26. Qf5 Bxf3 27. gxf3 g6 28. Qf4 Qe7 29. Rb1 Rd5 30. e6 Qxe6 31. Qb8+ Kg7 32. Rxb5 Rxb5 33. Qxb5 Qe1+ 34. Kg2 Qxc3 35.
h3 Qd4 36. Qb4 h5 37. Kg1 h4 38. Kg2 g5 39. Kg1 Kg6 40. Kg2 f6 41. Qf8 Qd5 42.
Qe8+ Qf7 43. Qc8 Kg7 44. Qc5 Qe6 45. Qc7+ Kg6 46. Kg1 Qxh3 47. Qxc4 Qxf3 48. Qg8+ Kf5 49. Qc8+ Kf4 50. Qc7+ Kg4 51. Qd7+ Qf5 52. Qd1+ Kf4 53.
Qd2+ Ke5 54. Qc3+ Kf4 55. Qd4+ Kf3 56. Qe3+ Kg4 57. Qe2+ Qf3 58. Qe6+ Kh5 59. Qf7+ Kh6 60. Qf8+ Kg6 61. Qe8+ Kf5 62. Qd7+ Kf4 63. Qd4+ Kf5 64. Qd7+ Kg6 65. Qe8+ Kh6 66. Qf8+ Kh5 67. Qe8+ Kg4 68. Qd7+ Qf5 69. Qd1+ Qf3 70. Qd7+ f5 71. Qd4+ Kh3 72. Qe5 Qg2# 0-1

[Event "*** Biggest EVER Titled Tuesday"]
[Site "Chess.com"]
[Date "2018.04.17"]
[Round "6"]
[White "Jospem"]
[Black "Kazakov_Konstantin"]
[Result "1-0"]
[WhiteElo "2701"]
[BlackElo "2464"]
[TimeControl "180+2"]
[EndTime "14:25:18 PDT"]
[Termination "Jospem won by resignation"]

1. e4 e5 2. Nf3 Nc6 3. Bb5 a6 4.
Ba4 Nf6 5. O-O Be7 6. Re1 b5 7. Bb3 O-O 8. a4 b4 9. d3 d6 10. a5 Be6 11. Nbd2 Qc8 12. c3 bxc3 13. bxc3 Rb8 14.
Bxe6 Qxe6 15. d4 exd4 16. cxd4 Nb4 17. d5 Qd7 18. Nb3 c5 19. Bb2 Rfe8 20. h3 c4 21. Nc1 Nbxd5 22. Bd4 Nf4 23. Ra3 Ne6 24. Ba1 d5 25. Rae3 Red8 26. Ne5 Qb5 27. exd5 Rxd5 28.
Qf3 Bb4 29. Rf1 Bd2 30. Re2 c3 31. Bxc3 Bxc3 32. Qxc3 Nd4 33. Re3 Qxa5 34. Qxa5 Rxa5 35. Rd1 Rd5 36. Kh1 h6 37. Ncd3 Nf5 38. Ree1 a5 39. g4 Nh4 40. Nc6 Rbb5 41. Ne7+ Kh7 42. Nxd5 Rxd5 43.
Ne5 Rxd1 44. Rxd1 Ne4 45. Rd7 f6 46. Nd3 a4 47. Ra7 Ng5 48. Kh2 Nhf3+ 49. Kg3 Nd2 50. Rxa4 Nde4+ 51. Kg2 Nd6 52. h4 Ngf7 53. Ra7 Nh8 54.
h5 Ndf7 55. f4 Nd6 56. Kf3 Nhf7 57. Nc5 Kg8 58. Ra8+ Kh7 59. Ne6 g5 60. hxg6+ Kxg6 61. Rg8+ Kh7 62. Rg7+ Kh8 63. Rg6 f5 64. g5 hxg5 65.
Nxg5 Nxg5+ 66. fxg5 Kh7 67. Rxd6 1-0

[Event "*** Biggest EVER Titled Tuesday"]
[Site "Chess.com"]
[Date "2018.04.17"]
[Round "6"]
[White "daro94"]
[Black "severomorskij"]
[Result "1/2-1/2"]
[WhiteElo "2718"]
[BlackElo "2684"]
[TimeControl "180+2"]
[EndTime "14:25:21 PDT"]
[Termination "Game drawn by agreement"]

1. e4 c5 2. Nf3 Nc6 3. Bb5 e6 4.
O-O Nge7 5. d4 cxd4 6. Nxd4 Ng6 7. Be3 Be7 8. Be2 O-O 9. Nc3 d6 10. f4 Nxd4 11. Qxd4 Nxf4 12. Bxf4 e5 13. Bxe5 dxe5 14. Qxd8 Rxd8 15. Nd5 Bc5+ 16. Kh1 Bd7 17. c3 b5 18. Rad1 Bc6 19. g4 f6 20. Kg2 h6 21. h4 Kf7 22.
Rf3 Bxd5 23. exd5 Rab8 24. Bd3 Ke7 25. Be4 a5 26. Kf1 b4 27. b3 bxc3 28. Rxc3 Rb4 29. Bf5 Bd6 30. h5 Rdb8 31. Rdc1 a4 32. Be6 axb3 33.
axb3 e4 34. Ke2 Bf4 35. R1c2 Rxb3 36. Rxb3 Rxb3 37. Bf5 Kd6 38. Rc6+ Kxd5 39. Be6+ Kxc6 40. Bxb3 Kd6 41. Bf7 Ke5 42. Bg6 Bc1 43. Bf5 Kf4 44.
Kf2 Be3+ 45. Ke2 Bc5 46. Bc8 Bf8 47. Bf5 Be7 48. Bc8 Bd6 49. Bf5 Be5 50. Bc8 e3 51. Bf5 Bd4 52. Bc8 Bb6 53. Bf5 Kg5 54. Kf3 Bc5 55. Bd3 Kh4 56. Bf5 Kh3 57. Bd3 Kh2 58.
Bf5 Kg1 59. Ke2 Kg2 60. Bc8 Kg3 61. Bd7 Kf4 62. Bc8 Bf8 63. Bf5 g6 64. Bxg6 Kxg4 65. Kxe3 f5 66. Kf2 Bc5+ 67. Kg2 f4 68. Kf1 f3 69.
Be8 Bd4 70. Bg6 1/2-1/2

[Event "*** Biggest EVER Titled Tuesday"]
[Site "Chess.com"]
[Date "2018.04.17"]
[Round "6"]
[White "DryCounty"]
[Black "GoingKronos"]
[Result "0-1"]
[WhiteElo "2505"]
[BlackElo "2397"]
[TimeControl "180+2"]
[EndTime "14:25:35 PDT"]
[Termination "GoingKronos won by resignation"]

1. e4 e6 2. d4 d5 3. exd5 exd5 4. Nf3 Bg4 5. h3 Bh5 6. Qe2+ Be7 7. Qb5+ Nd7 8.
Qxd5 Ngf6 9. Qb3 O-O 10. Be2 c5 11. O-O cxd4 12. Nxd4 Nc5 13. Qc4 Bg6 14. Nb3 Rc8 15.
c3 Nce4 16. Qd4 Qc7 17. Qe3 Rfe8 18. Bb5 Red8 19. N1d2 a6 20. Nxe4 Nxe4 21. Be2 Re8 22. Qf3 Bd6 23. Bd3 Rcd8 24. Nd4 Bc5 25. Bf4 Qb6 26.
Rae1 Nf6 27. Bxg6 hxg6 28. Nb3 Bf8 29. Rxe8 Rxe8 30. Be3 Qb5 31. Rd1 Qa4 32. Ra1 Qc4 33. Nd2 Qd3 34. Bg5 Qc2 35. b3 Bc5 36. Rf1 Qxa2 37.
b4 Bf8 38. Bxf6 Qxd2 39. Bd4 b5 40. Qc6 Re1 41. Rxe1 Qxe1+ 42. Kh2 Qe6 43. Qxe6 fxe6 44. Kg3 Bd6+ 45. Kf3 Kf7 46. Ke4 g5 47. Be5 Be7 48.
Kd3 g6 49. Ke4 Ke8 50. Bd4 Kd7 51. Be3 Bf6 52. Bd4 Be7 53. Kf3 Kd6 54. Kg4 Kd5 55. f4 gxf4 56. Kxf4 Bxb4 57. Bh8 Be7 58. g4 a5 59. Ke3 b4 60. cxb4 axb4 61. Kd3 e5 62. Bg7 e4+ 63. Kc2 Kc4 64. Bh6 Bc5 65. h4 b3+ 66. Kb1 e3 67. h5 gxh5 68. gxh5 e2 69. Bd2 Be3 70. Be1 Bd4 71. Kc1 Kd3 72. Kb1 Bc3 73.
Bh4 e1=Q+ 74. Bxe1 Bxe1 75. h6 Bc3 76. h7 Bh8 77. Kc1 Kc3 78. Kb1 b2 79. Ka2 Kc2 80.
Ka3 b1=Q 0-1

[Event "*** Biggest EVER Titled Tuesday"]
[Site "Chess.com"]
[Date "2018.04.17"]
[Round "6"]
[White "ABDELAZEEZ-M"]
[Black "Zhani-Z"]
[Result "1-0"]
[WhiteElo "2317"]
[BlackElo "2404"]
[TimeControl "180+2"]
[EndTime "14:25:39 PDT"]
[Termination "ABDELAZEEZ-M won by resignation"]

1. d4 Nf6 2. Nf3 e6 3. c4 Bb4+ 4. Nc3 b6 5. Bg5 Bb7 6. Rc1 h6 7. Bxf6 Qxf6 8. a3 Bxc3+ 9. Rxc3 d6 10. g3 O-O 11. Bg2 Nd7 12. Qc2 Qe7 13. h4 f5 14. O-O Nf6 15. Nd2 Bxg2 16. Kxg2 c5 17. dxc5 dxc5 18. e4 Rad8 19. exf5 exf5 20. Re3 Qb7+ 21.
Nf3 f4 22. Re5 Ng4 23. Qe4 Qxe4 24. Rxe4 Rd3 25. Rxf4 Rxf4 26. gxf4 Rb3 27. Rb1 Nf6 28. Nd2 Rd3 29. Nf3 Nh5 30. Re1 Nxf4+ 31. Kg3 Nh5+ 32. Kg4 Nf6+ 33. Kf4 Rb3 34. Re2 Nh5+ 35. Kg4 Nf6+ 36.
Kf4 Kh7 37. Rd2 Kg6 38. Ne5+ Kh5 39. f3 Ng8 40. Rg2 Nf6 41. Rxg7 Kxh4 42. Rg6 Nh5+ 43.
Kf5 Ng3+ 44. Kf4 Ne2+ 45. Kf5 h5 46. f4 Kh3 47. Ke4 Ng3+ 48. Kd5 h4 49. Rh6 Nf5 50. Rh5 Ng3 51. Rh6 Nf5 52. Rh5 Ng3 53. Rh6 Rxb2 54.
Ng6 Kg4 55. Nxh4 Rd2+ 56. Kc6 Ne2 57. Rh7 Nxf4 58. Kb5 Rd3 59. Rf7 Rd4 60. Nf5 Rd1 61. Ne3+ Kg5 62. Nxd1 Ne6 63. Rxa7 Nd4+ 64. Kxb6 Nb3 65.
Nc3 Kf4 66. a4 1-0

[Event "*** Biggest EVER Titled Tuesday"]
[Site "Chess.com"]
[Date "2018.04.17"]
[Round "6"]
[White "WinnerOleg"]
[Black "StoreySniper"]
[Result "0-1"]
[WhiteElo "2314"]
[BlackElo "2251"]
[TimeControl "180+2"]
[EndTime "14:25:42 PDT"]
[Termination "StoreySniper won on time"]

1. b3 g6 2. Bb2 Nf6 3. Nf3 Bg7 4. c4 c5 5. g3 d5 6. cxd5 Qxd5 7. Bg2 Nc6 8. O-O Qh5 9. Na3 Bh3 10. Rc1 Bxg2 11. Kxg2 O-O 12. h3 b6 13. d3 Qd5 14. Kh2 Ng4+ 15. hxg4 Bxb2 16. Nc4 Bxc1 17. Qxc1 Nd4 18. Nxd4 Qxd4 19. Kg2 Qxg4 20. f3 Qe6 21. Kf2 Qf6 22.
Rh1 Qd4+ 23. Kg2 f6 24. Qh6 Rf7 25. Ne3 f5 26. Rh4 Qg7 27. Qg5 Re8 28. Nd5 e5 29. e4 fxe4 30. dxe4 Ref8 31. f4 exf4 32. gxf4 Qd4 33. Ne7+ Rxe7 34. Qxe7 Qd2+ 35. Kg3 Qe3+ 36. Kg2 Qe2+ 37. Kg3 Qe1+ 38. Kg2 Qd2+ 39. Kg3 Qc3+ 40. Kg2 Rf7 41. Qe8+ Kg7 42. f5 Qd2+ 43. Kg3 Qe1+ 44. Kh3 Qe3+ 45. Kh2 Qf2+ 46. Kh3 Qf3+ 47. Kh2 Qf2+ 48.
Kh3 Qe3+ 49. Kh2 Qd2+ 50. Kh3 Qc3+ 51. Kg2 Qc2+ 52. Kh3 Qc3+ 53. Kh2 Qf6 54. Rg4 g5 55. Rg2 h5 56. Rf2 g4 57. e5 Qh4+ 58. Kg2 Qh3+ 59. Kg1 Qg3+ 60. Kf1 Qd3+ 61. Kg1 Qd1+ 62. Kg2 Qd5+ 63.
Kg1 Qd1+ 64. Kg2 Qd5+ 65. Kg1 g3 66. f6+ Kh7 67. Rf5 Qd1+ 68. Rf1 Qd4+ 69. Kg2 Qe4+ 70.
Kxg3 Qg4+ 71. Kf2 Rd7 0-1

[Event "*** Biggest EVER Titled Tuesday"]
[Site "Chess.com"]
[Date "2018.04.17"]
[Round "6"]
[White "dretch"]
[Black "tigra"]
[Result "1-0"]
[WhiteElo "2709"]
[BlackElo "2692"]
[TimeControl "180+2"]
[EndTime "14:25:47 PDT"]
[Termination "dretch won by resignation"]

1. d4 Nf6 2. c4 g6 3. Nc3 d5 4.
e3 Bg7 5. Qa4+ Nbd7 6. cxd5 O-O 7. e4 c5 8. dxc6 Nb6 9. Qd1 bxc6 10. Be2 c5 11. dxc5 Nbd7 12. c6 Ne5 13. Qxd8 Rxd8 14. Nf3 Nxc6 15. O-O Rb8 16. Rb1 Nd7 17. Bf4 Rb4 18.
Nd5 Rxe4 19. Bd3 Nc5 20. Bxe4 Nxe4 21. Rfd1 Rf8 22. Rbc1 e6 23. Rxc6 exd5 24. Rc7 Bxb2 25. Rxd5 Be6 26. Rb5 Bf6 27. Be5 Bxa2 28. Bxf6 Nxf6 29.
Rxa7 Rc8 30. h3 Bd5 31. Ne5 Be6 32. Rbb7 Rf8 33. Nc6 Nd5 34. Rb8 Rxb8 35. Nxb8 h5 36. Kh2 Kf8 37. Nc6 Nf6 38. Nd4 Bd5 39. Nc2 Bc4 40. Ne3 Be6 41. Kg3 Ne4+ 42. Kf3 Nd2+ 43. Ke2 Ne4 44. Rb7 Kg7 45. Rb4 Nd6 46. Kd3 Kf6 47. Rb6 Ke7 48. Kd4 Kd7 49. Ke5 Ne8 50.
Ra6 Ke7 51. Ra7+ Kf8 52. Nd5 Kg7 53. h4 Bf5 54. Ra8 f6+ 55. Kd4 Nd6 56. Ra7+ Nf7 57.
Ra6 Ne5 58. Nxf6 Bc8 59. Rd6 Nf7 60. Rb6 Nh6 61. Ne8+ Kf8 62. Nd6 Bd7 63. Rb7 Ke7 64.
Ne4 Nf5+ 65. Ke5 Kd8 66. g3 Bc6 67. Rb2 Ke7 68. Ng5 Nd6 69. Rc2 Bd7 70. Kd5 Nf5 71.
Re2+ Kf6 72. Ne4+ Kf7 73. Nd6+ Kf6 74. Nxf5 Kxf5 75. Re5+ Kg4 76. Rg5+ Kf3 77. Rxg6 Kxf2 78. Ke4 Kg2 79. Kf4 1-0

[Event "*** Biggest EVER Titled Tuesday"]
[Site "Chess.com"]
[Date "2018.04.17"]
[Round "6"]
[White "GianmarcoVaR"]
[Black "Anar_Aliakbarov"]
[Result "0-1"]
[WhiteElo "2516"]
[BlackElo "2389"]
[TimeControl "180+2"]
[EndTime "14:25:55 PDT"]
[Termination "Anar_Aliakbarov won by resignation"]

1. d4 d5 2. Nf3 Nf6 3. c4 e6 4. g3 Be7 5. Bg2 O-O 6. O-O dxc4 7. Qc2 a6 8. Qxc4 b5 9. Qc2 Bb7 10. Bf4 Nc6 11. Rd1 Nd5 12. Bd2 Nb6 13. Be1 Bd6 14. Nc3 Nb4 15. Qc1 Qe7 16. a3 N4d5 17. Ne4 Rac8 18. Nxd6 cxd6 19. Qb1 f5 20. Rc1 Rxc1 21.
Qxc1 Rc8 22. Qd1 Na4 23. Rb1 Ndb6 24. Nh4 Bxg2 25. Nxg2 Rc6 26. Nf4 Kf7 27. d5 exd5 28. Nxd5 Qe4 29. Nf4 g5 30. Nd3 Rc7 31. Bd2 Kg6 32.
Rc1 Re7 33. Be3 Nc4 34. Qc2 Nxe3 35. fxe3 Qxe3+ 36. Kf1 Qe4 37. Qd2 Qh1+ 38. Kf2 Qxh2+ 39. Kf1 Qxg3 40. Nf2 Nc5 41. Rc3 Qe5 42. Rh3 h5 43.
Qd1 Ne4 44. e3 Ng3+ 45. Kg2 h4 46. e4 fxe4 47. Qg4 Qf5 48. Rxh4 Qxg4 49. Rxg4 Nf5 50. Nxe4 Ne3+ 51. Kf3 Nxg4 52. Nxd6 Nf6 53. a4 bxa4 54. Nc4 g4+ 55. Kg3 Rb7 56. Ne5+ Kf5 57. Nc4 Rb3+ 58. Kf2 Ne4+ 59. Ke2 g3 60. Kf1 Kg4 61. Kg2 a3 62. bxa3 Rc3 63. Ne5+ Kf5 64. Nf3 Rc2+ 65. Kg1 Kf4 66. Nd4 Rc1+ 67. Kg2 Rd1 68. Ne2+ Ke3 69. Ng1 Rxg1+ 70. Kxg1 Kf3 71. a4 g2 72. a5 Nc3 73.
Kh2 Kf2 74. Kh3 g1=Q 75. Kh4 Qg6 0-1

[Event "*** Biggest EVER Titled Tuesday"]
[Site "Chess.com"]
[Date "2018.04.17"]
[Round "6"]
[White "GeorgMeier"]
[Black "TheBigBoss04"]
[Result "1/2-1/2"]
[WhiteElo "2769"]
[BlackElo "2529"]
[TimeControl "180+2"]
[EndTime "14:25:58 PDT"]
[Termination "Game drawn - insufficient material"]

1. Nf3 g6 2. g3 Bg7 3. d4 Nf6 4. Bg2 O-O 5. O-O d6 6. b3 Bf5 7. Bb2 Nc6 8. Nbd2 Ne4 9. Re1 Nxd2 10. Qxd2 Be4 11. Rad1 d5 12. c4 e6 13. Qc1 h6 14.
e3 Nb4 15. Ba3 a5 16. Re2 Re8 17. Ne5 Bxg2 18. Kxg2 c6 19. Bxb4 axb4 20. Nd3 Qa5 21. Rc2 Rad8 22. Qd2 dxc4 23. Rxc4 Ra8 24. Qxb4 Qxa2 25.
Qxb7 Rab8 26. Qxc6 Qxb3 27. Rd2 Red8 28. Rcc2 Qa3 29.
Ra2 Qe7 30. Ra5 Rbc8 31. Qe4 Qd7 32. Rb2 Rc7 33. Nc5 Qc6 34. Rba2 Qxe4+ 35. Nxe4 Bf8 36.
Ra7 Rxa7 37. Rxa7 Kg7 38. g4 Rd5 39. h3 Rb5 40. Rd7 Rb2 41. Ng3 Bb4 42. Rb7 Bc3 43. Rxb2 Bxb2 44. Kf3 f5 45. Ne2 Kf6 46. Nf4 Ba1 47.
Nd3 Bc3 48. Kg3 Ba5 49. h4 Bc7+ 50. Kh3 Bb8 51. f4 Bd6 52. g5+ hxg5 53. fxg5+ Kg7 54.
Kg2 Bc7 55. Kf3 Kf7 56. Nf4 e5 57. Nd5 e4+ 58. Kg2 Bd6 59. Kf2 Ke6 60. Nf4+ Kf7 61.
Ne2 Bb4 62. Ng3 Bd6 63. Kg2 Bc7 64. h5 Bd8 65. hxg6+ Kxg6 66. Ne2 Bxg5 67. Kf2 Kf6 68. Nc3 Ke6 69. Ke2 Be7 70. Nd1 Bb4 71. Nf2 Kd5 72.
Nh3 Bd6 73. Kd2 Kc4 74. Ke2 Kc3 75. Ng5 Kc4 76. Nf7 Bc7 77. Ng5 Kd5 78. Nh3 f4 79. exf4 Bxf4 80. Nxf4+ Kxd4 81. Ng2 e3 82. Nxe3 1/2-1/2

[Event "*** Biggest EVER Titled Tuesday"]
[Site "Chess.com"]
[Date "2018.04.17"]
[Round "6"]
[White "Slovak_fighter2000"]
[Black "chegueps"]
[Result "1-0"]
[WhiteElo "2273"]
[BlackElo "2274"]
[TimeControl "180+2"]
[EndTime "14:26:06 PDT"]
[Termination "Slovak_fighter2000 won by resignation"]

1. d4 d6 2. e4 Nf6 3. Nc3 e5 4. Nf3 Nbd7 5. Bc4 Be7 6. O-O O-O 7. Re1 c6 8. a4 a5 9. b3 exd4 10. Nxd4 Nb6 11. Bd3 d5 12. e5 Ne8 13. Bb2 g6 14.
e6 fxe6 15. Nxe6 Bxe6 16. Rxe6 Bf6 17. Qg4 Qd7 18. Qe2 Nc7 19. Re3 d4 20. Ne4 dxe3 21. Nxf6+ Rxf6 22. Bxf6 exf2+ 23. Qxf2 Rf8 24. Qd4 Nbd5 25.
Be5 Ne6 26. Qg4 Qe7 27. h4 Ne3 28. Qe4 Qc5 29. Kh1 Nd5 30. Bg3 Nd4 31. Re1 Nf5 32. Qg4 Nf6 33. Qh3 Nh5 34. Bh2 Qf2 35. Rb1 Kg7 36.
Be5+ Kh6 37. Kh2 Qxh4 38. Bxf5 Qg5 39. g4 Qd2+ 40. Qg2 Qe3 41. Bg3 gxf5 42. gxh5 f4 43. Bh4 f3 44. Qg4 f2 45. Rf1 Qe5+ 46. Qg3 Qxh5 47.
Rxf2 Rxf2+ 48. Qxf2 Qe5+ 49. Bg3 Qh5+ 50. Kg2 Qd5+ 51.
Kg1 Qd1+ 52. Kh2 Qb1 53. Qd2+ Kg6 54. Qd6+ Kh5 55. Qe5+ Kg6 56. Qe6+ Kg5 57. Qe3+ Kg6 58. Qd3+ Kg5 59. Bf2 h5 60. Be3+ Kf6 61. Bd4+ Ke6 62.
Qe4+ Kd6 63. Qe5+ Kd7 64. Qf5+ Kd6 65. Bc5+ Kc7 66. Qf7+ Kb8 67. Qg8+ Kc7 68. Qh7+ Kd8 69. Bd6 Qe1 70. Qc7+ Ke8 71. Qc8+ Kf7 72. Qxb7+ Kf6 73. Qxc6 Qf2+ 74. Qg2 Qh4+ 75. Kg1 Qe1+ 76. Qf1+ Qxf1+ 77. Kxf1 Ke6 78. Bh2 1-0

[Event "*** Biggest EVER Titled Tuesday"]
[Site "Chess.com"]
[Date "2018.04.17"]
[Round "6"]
[White "shyam"]
[Black "SantoBlue"]
[Result "1-0"]
[WhiteElo "2586"]
[BlackElo "2643"]
[TimeControl "180+2"]
[EndTime "14:26:22 PDT"]
[Termination "shyam won by resignation"]

1. e4 e5 2. Nf3 Nc6 3. Bb5 a6 4. Ba4 Nf6 5. O-O Be7 6. Re1 b5 7. Bb3 O-O 8. d3 d6 9. c3 Nb8 10. Nbd2 Nbd7 11. Nf1 Bb7 12. Ng3 Re8 13. Ng5 Rf8 14. Nf5 Nc5 15. Bc2 Ne6 16. Qf3 Nd7 17. Nxe7+ Qxe7 18. Qh5 h6 19. Nxe6 fxe6 20. Re3 Nf6 21.
Qh4 Nd5 22. Qxe7 Nxe7 23. Bb3 Rf6 24. a4 Ng6 25. g3 Nf8 26. Kg2 Nd7 27. axb5 axb5 28.
Rxa8+ Bxa8 29. f3 Bb7 30. Re1 Nc5 31. Bc2 Rf8 32. Be3 Ra8 33. Bxc5 dxc5 34. Bb3 Kf7 35.
h4 Ke7 36. Kf2 Kd6 37. Ke3 Bc6 38. h5 Be8 39. Rh1 Ke7 40. f4 exf4+ 41. gxf4 Rb8 42.
Rg1 c4 43. dxc4 bxc4 44. Bxc4 Rxb2 45. Rxg7+ Kd6 46. e5+ Kc6 47. Rh7 Bxh5 48. Rxh6 Kc5 49. Bxe6 Bd1 50. f5 Re2+ 51. Kf4 Bc2 52. Rh3 Re4+ 53.
Kg5 Rxe5 54. Kf4 Re4+ 55. Kg5 Kd6 56. Kf6 Re1 57. Rh2 Bb1 58. Rd2+ Kc5 59. Rd7 c6 60. c4 Ba2 61. Rc7 Bb1 62. Bd5 Rf1 63. Rxc6+ Kd4 64. Be6 Be4 65. Rd6+ Kc5 66. Rd8 Bc2 67. Rc8+ Kb6 68. c5+ Kb7 69. c6+ Kb6 70. Rb8+ Kc7 71. Rc8+ Kb6 72. Bd7 Rd1 73. Ke7 Re1+ 74. Kd8 Rd1 75.
Rb8+ Ka7 76. c7 Bxf5 77. c8=Q Rxd7+ 78. Ke8 Bg4 79. Ra8+ Kb6 80. Ra6+ 1-0

[Event "*** Biggest EVER Titled Tuesday"]
[Site "Chess.com"]
[Date "2018.04.17"]
[Round "6"]
[White "aa175"]
[Black "IMAghasiyevKamal"]
[Result "1-0"]
[WhiteElo "1885"]
[BlackElo "2500"]
[TimeControl "180+2"]
[EndTime "14:27:01 PDT"]
[Termination "aa175 won by checkmate"]

1. e4 c5 2. b4 cxb4 3. a3 d5 4. e5 d4 5. axb4 Nc6 6. Bb5 Bd7 7. Nf3 Nxe5 8. Nxe5 Bxb5 9. Qf3 Nf6 10. Qxb7 Qd5 11. Qxd5 Nxd5 12. Ra5 a6 13. Na3 Nc7 14. Bb2 f6 15. Nxb5 Nxb5 16. Nd3 e5 17. f3 Bd6 18.
Kf2 Kd7 19. g4 Rhc8 20. Rha1 Rxc2 21. Ke2 Nc3+ 22. Ke1 Nb5 23. Rxb5 axb5 24. Rxa8 f5 25. gxf5 g6 26. Ra7+ Kc6 27. fxg6 hxg6 28. Ra6+ Kd5 29. Rb6 Rc8 30. Rxb5+ Kc4 31. Rc5+ Bxc5 32. Nxc5 Kxb4 33.
Nd3+ Kb3 34. Ke2 Rh8 35. Bc1 Rxh2+ 36. Kd1 Rh5 37. Ke2 Kc2 38. Ba3 Rg5 39. Bd6 Rg2+ 40. Nf2 d3+ 41. Ke3 Rg1 42. Nxd3 Ra1 43. Ke4 Ra4+ 44. Nb4+ Kxd2 45. Kxe5 Ke3 46. f4 Kf3 47. f5 gxf5 48. Kxf5 Ke3 49. Ke5 Ra5+ 50. Ke6 Rh5 51. Nd5+ Kd4 52. Nf6 Rh6 53. Be5+ Kc5 54. Kf5 Rh1 55.
Ke6 Re1 56. Nd7+ Kc6 57. Nf6 Re2 58. Nd7 Rd2 59. Nf6 Rd3 60. Ne8 Rd8 61. Nf6 Kc5 62.
Nd7+ Kc4 63. Ke7 Rg8 64. Kf7 Rg2 65. Ke6 Re2 66. Nf6 Kd3 67. Nd5 Re1 68. Nf4+ Ke4 69. Ng6 Rb1 70. Ne7 Rb6+ 71. Bd6 Ra6 72. Ng6 Ra1 73.
Ne7 Rh1 74. Ng8 Rh7 75. Nf6+ Kd4 76. Nxh7 Kc4 77. Ke5 Kb5 78. Kd5 Kb6 79. Nf6 Kb5 80. Bc5 Ka6 81. Kc4 Ka5 82. Ne4 Ka4 83. Nd6 Ka5 84.
Ne8 Ka6 85. Kb4 Kb7 86. Nf6 Kc6 87. Be7 Kc7 88. Kc5 Kb7 89. Bd8 Kc8 90. Bb6 Kb7 91.
Kb5 Kc8 92. Kc6 Kb8 93. Nd7+ Ka8 94. Nc5 Kb8 95. Ne6 Ka8 96. Nc7+ Kb8 97. Bc5 Kc8 98.
Ba7 Kd8 99. Nd5 Kc8 100. Ne7+ Kd8 101. Kd6 Ke8 102. Ke6 Kd8 103. Bb6+ Ke8 104. Ba5 Kf8 105. Nf5 Ke8 106. Ng7+ Kf8 107. Kf6 Kg8 108. Kg6 Kf8 109. Bb4+ Kg8 110. Nf5 Kh8 111. Bc5 Kg8 112. Nh6+ Kh8 113. Bd4# 1-0

[Event "*** Biggest EVER Titled Tuesday"]
[Site "Chess.com"]
[Date "2018.04.17"]
[Round "6"]
[White "Abund"]
[Black "chesssharkattack"]
[Result "1-0"]
[WhiteElo "2470"]
[BlackElo "2380"]
[TimeControl "180+2"]
[EndTime "14:27:03 PDT"]
[Termination "Abund won by resignation"]

1. Nf3 Nc6 2. d4 d5 3. Bf4 Nf6 4. e3 Bf5 5. c4 e6 6. Nc3 Be7 7.
Be2 O-O 8. O-O h6 9. h3 Nb4 10. a3 Nc6 11. b4 a5 12. b5 Na7 13. Qb3 Nc8 14. Na4 Nd6 15. Rfc1 Nxc4 16. Bxc4 dxc4 17.
Rxc4 Rc8 18. Rac1 Nd5 19. Be5 Bf6 20. Nc5 b6 21. Na6 Bxe5 22. Nxe5 Qg5 23. Kh2 f6 24. Nf3 Qh5 25. Nxc7 Bxh3 26. Nxd5 exd5 27. Rxc8 Rxc8 28. Rxc8+ Bxc8+ 29. Kg1 Bg4 30. Ne1 Kh7 31. Qc3 Be2 32. Qc6 Bc4 33. Nf3 Qf5 34. Qxb6 Qb1+ 35.
Kh2 Qxb5 36. Qe6 Qb1 37. Nh4 Qc2 38. Kg3 Qe4 39. Qxe4+ dxe4 40. Kh2 g6 41. g3 f5 42. Kg1 Kg7 43. f4 Kf6 44. Kf2 Bd3 45. Ke1 Bc4 46. Kd2 Be6 47. Kc3 Ke7 48. Ng2 Kd6 49. Nh4 g5 50. fxg5 hxg5 51. Ng6 Kc6 52. Ne5+ Kb5 53. Kb2 Bd5 54. Kc3 Be6 55. Kb2 Ka4 56. Nc6 Kb5 57.
Ne5 Bd5 58. Kc3 Be6 59. Ng6 Bd5 60. Nf8 Ka4 61. Kb2 Kb5 62. Kc3 Ka4 63. Kb2 Kb5 64.
Nh7 Kc4 65. Kc2 Bc6 66. Nxg5 Ba4+ 67. Kd2 Kb3 68. d5 Kxa3 69. Kc3 Bd7 70. Ne6 Ka2 71. Nc5 Bc8 72. d6 Kb1 73. d7 Bxd7 74. Nxd7 a4 75. Kb4 Kc2 76. Nf6 Kd3 77. Nd5 a3 78. Kxa3 Kc4 79.
Nf4 Kc3 80. Ka4 Kc4 81. Ka5 Kc5 82. Ka6 Kc6 83. Ka7 Kc7 84. Ng2 Kd6 85. Kb6 Ke6 86. Kc5 Kf6 87. Nf4 Kg5 88. Kd4 Kg4 89. Ke5 Kg5 90.
Nd5 Kg4 91. Ne7 Kxg3 92. Nxf5+ Kf3 93. Kd4 Kg4 94. Kxe4 1-0

[Event "*** Biggest EVER Titled Tuesday"]
[Site "Chess.com"]
[Date "2018.04.17"]
[Round "6"]
[White "jlucasvf"]
[Black "Generalas"]
[Result "1/2-1/2"]
[WhiteElo "2133"]
[BlackElo "2182"]
[TimeControl "180+2"]
[EndTime "14:27:45 PDT"]
[Termination "Game drawn by repetition"]

1. e4 e5 2. Nf3 Nc6 3. Bc4 Nf6 4. d3 Be7 5. O-O O-O 6. Re1 d6 7.
a4 Rb8 8. c3 b6 9. b4 Bb7 10. Nbd2 Qd7 11. Nf1 Nd8 12. Bb3 c5 13.
Ng3 g6 14. Bh6 Re8 15. Qd2 Ne6 16. Rad1 Bc6 17. Qa2 Bd8 18. h3 Kh8 19. Ng5 Nxg5 20. Bxg5 Kg7 21. Qd2 Bxa4 22. Bxa4 Qxa4 23. f4 Ng8 24.
Bxd8 Rbxd8 25. f5 f6 26. fxg6 hxg6 27. h4 Nh6 28. h5 g5 29. Rf1 Qd7 30. Rxf6 Kxf6 31.
Rf1+ Kg7 32. Qxg5+ Kh7 33. Qg6+ Kh8 34. Qxh6+ Qh7 35. Qf6+ Qg7 36. Qh4 Rg8 37. Rf6 Qg5 38. Qxg5 Rxg5 39. Kh2 Rdg8 40. Rh6+ Kg7 41. Rxd6 Kf7 42.
Nf5 Rxh5+ 43. Kg1 Rg6 44. Rd7+ Ke8 45. Rxa7 cxb4 46. cxb4 Rhg5 47. Ra8+ Kd7 48. Ra7+ Kd8 49. g3 Rxg3+ 50. Nxg3 Rxg3+ 51. Kf2 Rxd3 52. Rb7 Rd4 53. Rxb6 Rxe4 54. Kf3 Rf4+ 55. Ke3 Kd7 56. b5 Rb4 57. Kd3 Kc7 58. Rc6+ Kd7 59. Rb6 Kc7 60. Rc6+ Kd7 61.
Rc5 Kd6 62. Rc6+ Kd5 63. Rb6 Kc5 64. Re6 Kd5 65. Rb6 Rb3+ 66. Kc2 Kc5 67. Re6 Rxb5 68. Rxe5+ Kc4 69. Re4+ Kc5 70. Kc3 Rb8 71. Re5+ Kd6 72. Rh5 Rg8 73. Kd3 Rg3+ 74. Ke4 Rg4+ 75. Kf5 Rg1 76.
Rh2 Rf1+ 77. Ke4 Re1+ 78. Kd3 Rd1+ 79. Ke2 Rd5 80. Rh6+ Kc5 81. Ke3 Rd1 82. Ke4 Re1+ 83.
Kd3 Rd1+ 84. Kc2 Rg1 85. Rh4 Rg3 86. Kd2 Kd5 87. Ke2 Ke5 88. Kf2 Ra3 89. Rh5+ Ke6 90. Ke2 Kd6 91. Kd2 Ke6 92. Kc2 Kd6 93. Rh6+ Kd5 94. Rh8 Kd6 95. Rd8+ Ke5 96. Kd2 Ke4 97. Rd7 Ke5 98. Kc2 Ke4 99. Rh7 Ke5 100. Rh4 Kd5 101.
Kd2 Ke5 102. Ke2 Kd5 103. Kf1 Ra2 104. Rb4 Ke5 105. Rc4 Kd5 106. Rg4 Ke5 107. Kg1 Kf5 108. Rg8 Ke5 109. Rf8 Ke4 110. Rd8 Kf3 111. Rf8+ Ke4 112. Rg8 Kf3 113. Rf8+ Ke4 114. Kf1 Ke3 115. Kg1 Ke4 1/2-1/2